 Dungeon Crawl Stone Soup version 0.27.1-16-g815e20cd7a (webtiles) character file.

Game seed: 10239350365382481562

200 MisterFreud the Skirmisher (level 5, 0/78 HPs)
             Began as a Minotaur Abyssal Knight on Nov 21, 2021.
             Was a Priest of Lugonu.
             Succumbed to a kobold's poison
             ... on level 4 of the Dungeon.
             The game lasted 00:02:26 (3055 turns).

MisterFreud the Skirmisher (MiAK)                   Turns: 3055, Time: 00:02:26

Health: 0/78       AC:  7    Str: 16    XL:     5   Next: 48%
Magic:  14/14      EV: 11    Int:  9    God:    Lugonu [***...]
Gold:   168        SH:  0    Dex: 11    Spells: 4/4 levels left

rFire    . . .     SeeInvis .   a - +1 falchion
rCold    . . .     Faith    .   (no shield)
rNeg     . . .     Spirit   .   b - +0 leather armour
rPois    .         Reflect  .   (helmet restricted)
rElec    .         Harm     .   (no cloak)
rCorr    .         Rampage  .   q - +1 pair of gloves
Will     +....                  i - +1 pair of boots
Stlth    ..........             (no amulet)
HPRegen  0.23/turn              c - ring of willpower
MPRegen  0.14/turn              e - ring of magical power

@: berserking, lethally poisoned (0 -> -9), hasted, very quick
A: horns 2, retaliatory headbutt
a: Renounce Religion, Depart the Abyss, Bend Space, Banish


You were on level 4 of the Dungeon.
You worshipped Lugonu.
Lugonu was most pleased with you.
You visited 1 branch of the dungeon, and saw 4 of its levels.
You visited the Abyss 1 time.

You collected 168 gold pieces.

Inventory:

Hand Weapons
 a - a +1 falchion (weapon)
Missiles
 n - 20 poisoned darts (quivered)
 s - 6 boomerangs
Armour
 b - a +0 leather armour (worn)
 i - a +1 pair of boots (worn)
 q - a +1 pair of gloves (worn)
Jewellery
 c - a ring of willpower (left hand)
 e - a ring of magical power (right hand)
Scrolls
 d - 4 scrolls of fear {unknown}
 f - 2 scrolls of amnesia {unknown}
 h - 2 scrolls of teleportation {unknown}
 j - a scroll of blinking {unknown}
 k - 5 scrolls of identify {unknown}
 m - a scroll of noise {unknown}
 p - a scroll of enchant armour {unknown}
 r - a scroll of brand weapon {unknown}
 t - a scroll of fog {unknown}
Potions
 o - a potion of magic {unknown}


   Skills:
 + Level 7.6 Fighting
 - Level 2.4 Long Blades
 - Level 2.4 Armour
 - Level 1.1 Dodging
 - Level 1.7 Invocations


You had 4 spell levels left.
You didn't know any spells.
Your spell library contained the following spells:

 Spells                   Type           Power      Damage    Failure   Level
 Beastly Appendage        Tmut           0%         N/A       43%         1
 Freeze                   Ice            0%         1d3       43%         1
 Wereblood                Tmut           0%         N/A       58%         2
 Frozen Ramparts          Ice            0%         1d2       82%         3
 Spider Form              Tmut/Pois      0%         N/A       82%         3
 Hailstorm                Conj/Ice       0%         3d3       99%         4


Dungeon Overview and Level Annotations

Branches:
Dungeon (4/15)
 Temple: D:4-7

Altars:


Innate Abilities, Weirdness & Mutations

You have a pair of horns on your head.
You reflexively headbutt those who attack you in melee.


Message History

You feel very sick. The phantom barely misses you.
The kobold barely misses you.
You riposte.
You barely miss the kobold. Your headbutt misses the kobold.
You slash the phantom!
You destroy the phantom!
Lugonu accepts your kill.
You feel sick.
The kobold hits you with a +2 dagger of venom.
You are lethally poisoned!
Your Fighting skill increases to level 7!
You have reached level 5!
Unknown command.
You barely miss the kobold.
* * * LOW HITPOINT WARNING * * *
You feel very sick.
The kobold hits you with a +2 dagger of venom.
* * * LOW HITPOINT WARNING * * *
You barely miss the kobold. Your headbutt misses the kobold.
* * * LOW HITPOINT WARNING * * *
You feel very sick. The kobold barely misses you.
You hit the kobold but do no damage. You headbutt the kobold.
The kobold is severely wounded.
* * * LOW HITPOINT WARNING * * *
You feel very sick. The kobold hits you but does no damage.
You are lethally poisoned!
You closely miss the kobold. You headbutt the kobold.
You kill the kobold!
Lugonu accepts your kill.
* * * LOW HITPOINT WARNING * * *
You feel very sick.
There is a lethal amount of poison in your body!
It was a potion of haste.
You feel yourself speed up.
* * * LOW HITPOINT WARNING * * *
You feel sick.
It was a potion of berserk rage.
A red film seems to cover your vision as you go berserk!
You feel yourself moving faster!
You feel mighty!
You die...

# ########.#
........
#...# #<..+
#..$# #...#
########.).#
..........@#
...........#
...........#
.........###
.........#
[........#
...!.....#
.......[.#
##########


There were no monsters in sight!

Vanquished Creatures
  A phantom (D:4)
  A centaur zombie (D:3)
  2 adders (D:2)
  A worm (D:2)
  2 dart slugs (D:1)
  2 bats
  8 endoplasms
  3 giant cockroaches
  7 goblins
  7 hobgoblins
  3 quokkas
  3 ball pythons
  5 frilled lizards
  6 kobolds
  20 rats
71 creatures vanquished.

Notes
Turn   | Place    | Note
-------+----------+-------------------------------------------
     0 | Abyss:1  | MisterFreud the Minotaur Abyssal Knight began the quest for
                  | the Orb.
     0 | Abyss:1  | Reached XP level 1. HP: 19/19 MP: 1/1
    16 | D:1      | Escaped the Abyss
    71 | D:1      | Reached skill level 4 in Fighting
   267 | D:1      | Reached XP level 2. HP: 28/28 MP: 2/2
  1008 | D:2      | Reached skill level 5 in Fighting
  1133 | D:2      | Reached XP level 3. HP: 36/36 MP: 3/3
  1241 | D:2      | Reached ** piety under Lugonu
  1768 | D:2      | Reached skill level 6 in Fighting
  1768 | D:2      | Reached XP level 4. HP: 42/44 MP: 4/4
  2692 | D:3      | Reached *** piety under Lugonu
  3036 | D:4      | Noticed a phantom
  3049 | D:4      | Killed a phantom
  3050 | D:4      | Reached skill level 7 in Fighting
  3050 | D:4      | Reached XP level 5. HP: 16/52 MP: 5/5
  3054 | D:4      | HP: 1/52 [poisoned by a kobold]
  3055 | D:4      | Succumbed to a kobold's poison

Illustrated notes

Levels and vault maps discovered:
D:1:      onia_arrival_pentagram, layout_basic
D:2:      cheibrodos_helix_gallery, layout_basic, minmay_rat_hole
D:3:      minmay_spotlight, layout_basic, st_stairs_13, serial_bayou_lake_a
D:4:      layout_basic, serial_shops, nicolae_shop_window_shopping, uniq_grinder

Skill      XL: |  1  2  3  4 |
---------------+-------------+-----
Fighting       | 4 5 6 7 |  7.6
Long Blades    | |  2.4
Armour         | |  2.4
Dodging        | |  1.1
Invocations    | |  1.7

Action                   |  1- 3 |  4- 6 || total
-------------------------+-------+-------++-------
Melee: Falchion          |    88 |    48 ||   136
       Headbutt          |    13 |    11 ||    24
  Use: Potion            |       |     2 ||     2
Armor: Leather armour    |    27 |    23 ||    50
Dodge: Dodged            |    57 |    32 ||    89
       Rpst.: Falchion   |    15 |     7 ||    22
